 Dungeon Crawl Stone Soup version 0.29-a0-356-g7bc237e783 (webtiles) character file.

Game seed: 5796595700787232655

7 zeratav the Chopper (level 1, 0/18 HPs)
             Began as a Demonspawn Monk on Apr 25, 2022.
             Slain by a goblin
             ... wielding a +0 dagger
              (2 damage)
             ... on level 1 of the Dungeon.
             The game lasted 00:00:16 (48 turns).

zeratav the Chopper (Demonspawn Monk)                 Turns: 48, Time: 00:00:17

Health: 0/18       AC:  2    Str: 11    XL:     1   Next: 83%
Magic:  1/1        EV: 12    Int: 11    God:
Gold:   0          SH:  0    Dex: 15    Spells: 0/0 levels left

rFire   . . .      SeeInvis .   a - +0 hand axe {axe}
rCold   . . .      Faith    .   (no shield)
rNeg    . . .      Spirit   .   b - +0 robe
rPois   .          Reflect  .   (no helmet)
rElec   .          Harm     .   (no cloak)
rCorr   .          Rampage  .   (no gloves)
Will    .....                   (no boots)
Stlth   ++........              (no amulet)
HPRegen 0.06/turn               (no ring)
MPRegen 0.07/turn               (no ring)

@: no status effects
A: no striking features
a: no special abilities


You were on level 1 of the Dungeon.
You visited 1 branch of the dungeon, and saw 1 of its levels.


   Skills:
 - Level 3.0 Fighting
 + Level 3.1 Axes
 - Level 2.6 Dodging
 - Level 1.7 Stealth


You couldn't memorise any spells.
You didn't know any spells.
Your spell library was empty.

Inventory:

Hand Weapons
 a - a +0 hand axe (weapon) {axe}
Armour
 b - a +0 robe (worn)
Potions
 c - a potion of ambrosia

Dungeon Overview and Level Annotations

Branches:
Dungeon (1/15)

Altars:

##.. . #P.. ..
#P) ♣ ...
#####♣#K..♣....
##P.'..#.♣K.....
#PP.#.P#....(...
#♣..####........
#♣...#K....P....
#P..@gJ..♣.♣....
#♣<..K......P...
#P..P#.P...... .
#P..####........
#P♣.#P.#.P♣...##
##P.'.♣#.♣...##
#####P#...♣.. ##
.


P You could see an endoplasm, a goblin and 2 kobolds.


Message History

A jackal comes into view.
The hobgoblin barely misses you.
A jackal comes into view.
The jackal moves out of view.
The jackal barks!
You hit the hobgoblin.
You kill the hobgoblin!
You hear a bark!
A goblin comes into view. It is wielding a +0 dagger.
You hit the jackal. You hit the plant.
The plant begins to die.
The jackal barely misses you.
An endoplasm comes into view.
A giant cockroach comes into view.
HP[+1]
You barely miss the jackal.
The endoplasm quivers.
You hit the jackal but do no damage. x2; You hit the plant but do no damage.
The jackal bites you but does no damage.
The jackal misses you. x2
A kobold comes into view. It is wielding a +0 dagger.
The jackal completely misses you. The jackal misses you.
You barely miss the jackal.
The goblin shouts!
You hit the plant. You barely miss the jackal.
You hit the jackal but do no damage.
A nearby plant withers and dies.
A kobold comes into view. It is wielding a +0 short sword.
The jackal bites you but does no damage. x2
The jackal barely misses you.
The giant cockroach waves its antennae.
The jackal bites you. The jackal barely misses you.
You closely miss the jackal. You hit the jackal but do no damage.
You miss the jackal. You completely miss the jackal. The jackal bites you. x3
The jackal barely misses you.
You are too injured to fight recklessly!
You are too injured to fight recklessly!
HP[-6]
You take 6 damage, and now have 10/18 hp.
MASSIVE DAMAGE!! (PAUSE)
You are too injured to fight recklessly!
You are too injured to fight recklessly!
You are too injured to fight recklessly!
You are too injured to fight recklessly!
You are too injured to fight recklessly!
You are too injured to fight recklessly!
The jackal barely misses you. The jackal closely misses you.
The jackal barely misses you. The jackal attacks as you move away!
The jackal barely misses you. The jackal attacks as you move away!
The jackal closely misses you.
A ball python comes into view.
The ball python moves out of view.
There is a large open door here.
The jackal bites you.
* * * LOW HITPOINT WARNING * * *
HP[-2]
You take 2 damage, and now have 8/18 hp.
You hit the jackal but do no damage. You hit the jackal. The jackal misses you.
The jackal closely misses you. x2; The jackal barely misses you.
The jackal closely misses you.
You hit the jackal. x2; You closely miss the jackal.
The jackal closely misses you. x2; The jackal barely misses you.
You hit the jackal.
You kill the jackal!
You hit the jackal. x2
You kill the jackal!
The jackal bites you but does no damage.
The jackal closely misses you. The jackal bites you.
* * * LOW HITPOINT WARNING * * *
Your Axes skill increases to level 3!
HP[-1]
You take 1 damage, and now have 7/18 hp.
You hit the jackal.
You kill the jackal!
You hit the jackal. The jackal bites you.
* * * LOW HITPOINT WARNING * * *
HP[-1]
You take 1 damage, and now have 6/18 hp.
You hit the goblin. You miss the jackal.
The jackal bites you but does no damage.
The goblin closely misses you. The jackal barely misses you.
The goblin closely misses you.
You miss the goblin. You hit the jackal.
You kill the jackal!
The goblin hits you with a +0 dagger.
* * * LOW HITPOINT WARNING * * *
HP[-2]
You take 2 damage, and now have 4/18 hp.
You closely miss the goblin. You hit the giant cockroach.
The giant cockroach bites you.
* * * LOW HITPOINT WARNING * * *
The goblin misses you.
HP[-2]
You take 2 damage, and now have 2/18 hp.
You closely miss the goblin.
You hit the giant cockroach but do no damage.
The giant cockroach bites you but does no damage.
The goblin closely misses you. The giant cockroach bites you.
* * * LOW HITPOINT WARNING * * *
You hit the goblin. You hit the giant cockroach.
You kill the giant cockroach!
The goblin hits you with a +0 dagger.
You die...

Skill      XL: |  1 |
---------------+----+-----
Axes           | 3 |  3.1
Fighting       | |  3.0
Dodging        | |  2.6
Stealth        | |  1.7

Action                   || total
-------------------------++-------
Melee: Hand axe          ||    17
Armor: Robe              ||     6
Dodge: Dodged            ||    29

Levels and vault maps discovered:
D:1:      denvon_arrival_planthouse, layout_rooms,
          amcnicky_mini_rare_corridor_liquid, minmay_misc_feat_chi,
          serial_bayou_crossing

Notes
Turn   | Place    | Note
-------+----------+-------------------------------------------
     0 | D:1      | zeratav the Demonspawn Monk began the quest for the Orb.
     0 | D:1      | Reached XP level 1. HP: 18/18 MP: 1/1
     0 | D:1      | magus.rc [v1.9.6]
    43 | D:1      | Reached skill level 3 in Axes
    45 | D:1      | HP: 4/18 [goblin/+0 dagger (2)]
    48 | D:1      | Slain by a goblin

Vanquished Creatures
  A giant cockroach (D:1)
  A hobgoblin (D:1)
  4 jackals (D:1)
6 creatures vanquished.

Vanquished Creatures (others)
  2 plants (D:1)
2 creatures vanquished.

Grand Total: 8 creatures vanquished

Table legend:
 A = Non-vault XP
 B = Vault XP
 C = Vault XP percentage of total XP
 D = Non-vault monster count
 E = Vault monster count
 F = Vault count percentage of total count
                 A         B        C        D         E       F
            +---------+---------+-------+---------+---------+-------
      Total |      12 |       0 |   0.0 |       6 |       0 |   0.0
            +---------+---------+-------+---------+---------+-------
        D:1 |      12 |       0 |   0.0 |       6 |       0 |   0.0
            +---------+---------+-------+---------+---------+-------

Illustrated notes

Table legend:
 A = Kills in this place as a percentage of kills in entire the game.
 B = Kills by you in this place as a percentage of kills by you in the entire game.
 C = Kills by friends in this place as a percentage of kills by friends in the entire game.
 D = Other kills in this place as a percentage of other kills in the entire game.
 E = Experience gained in this place as a percentage of experience gained in the entire game.
 F = Experience gained in this place divided by the number of levels of this place that you have seen.
                   A       B       C       D       E      F
               +-------+-------+-------+-------+-------+----------------------
         Total | 100.0 | 100.0 |   N/A |   N/A | 100.0 |  12.0
       Dungeon | 100.0 | 100.0 |   N/A |   N/A | 100.0 |  12.0
               +-------+-------+-------+-------+-------+----------------------

Table legend: (Time is in decaauts)
 A = Elapsed time spent in this place.
 B = Non-inter-level travel time spent in this place.
 C = Inter-level travel time spent in this place.
 D = Time resting spent in this place.
 E = Time spent auto-exploring this place.
 F = Levels seen in this place.
 G = Mean time per level.
                   A        B        C        D        E       F      G
               +--------+--------+--------+--------+--------+-----+--------+
         Total |     50 |     50 |      0 |      0 |     23 |   1 |   50.0 |
       Dungeon |     50 |     50 |      0 |      0 |     23 |   1 |   50.0 |
               +--------+--------+--------+--------+--------+-----+--------+

Top non-repeatable levels by time:
     D:1: 50 daAuts
